 Dungeon Crawl Stone Soup version 0.18.1-48-g4cf74bf (webtiles) character file.

9200 Kisielow the Nimble (level 11, -3/89 HPs)
             Began as a Merfolk Transmuter on July 7, 2016.
             Was a High Priest of Okawaru.
             Slain by an unseen horror (9 damage)
             ... on level 10 of the Dungeon.
             The game lasted 00:43:09 (13563 turns).

Kisielow the Nimble (Merfolk Transmuter)           Turns: 13563, Time: 00:43:09

Health: -3/89      AC:  2    Str: 16    XL:     11   Next: 42%
Magic:  20/23      EV: 32    Int: 15    God:    Okawaru [*****.]
Gold:   491        SH:  0    Dex: 20    Spells: 4 memorised, 1 level left

rFire  + . .     SeeInvis .       - Unarmed
rCold  x . .     Gourm    .     (armour currently unavailable)
rNeg   . . .     Faith    .     (shield currently unavailable)
rPois  x         Spirit   .     (helmet currently unavailable)
rElec  .         Dismiss  .     (cloak currently unavailable)
rCorr  .         Reflect  .     (gloves currently unavailable)
SustAt .         Harm     .     (boots currently unavailable)
MR     .....                    (no amulet)
Stlth  ++........               n - ring of fire
                                p - ring of magical power

@: mighty, spider-form, not resistant to hostile enchantments, unstealthy
A: (change form in water), (swift swim), (beak)
a: End Transformation, Heroism, Finesse, Renounce Religion


You were on level 10 of the Dungeon.
You worshipped Okawaru.
Okawaru was extremely pleased with you.
You were not hungry.
You were a venomous arachnid creature.
You visited 2 branches of the dungeon, and saw 11 of its levels.

You collected 491 gold pieces.

Inventory:

Missiles
 a - 188 arrows
Armour
 e - a +2 robe of resistance (melded)
 m - a +2 pair of gloves (melded)
 A - a +2 pair of boots (melded)
 G - a +1 cloak of invisibility (melded)
 K - the +0 Maxwell's etheric cage {RegenMP+ *Contam rElec MP+4}
   (You found it on level 9 of the Dungeon)

   It insulates you from electricity.
   It affects your magic capacity (+4).
   It causes magical contamination when unequipped.
Jewellery
 n - a ring of fire (right front leg)
 p - a ring of magical power (left front leg)
 t - an uncursed amulet of dismissal
Wands
 j - a wand of lightning (10/15)
 k - a wand of digging (12/24)
 y - a wand of slowing (24/48)
 z - a wand of lightning (12/15)
 D - a wand of iceblast (2/15)
Scrolls
 f - 3 scrolls of fear
 i - 7 scrolls of identify
 l - a scroll of recharging
 s - a scroll of amnesia
 v - 3 scrolls of teleportation
 x - 3 scrolls of magic mapping
 B - 3 scrolls of remove curse
Potions
 b - a potion of cancellation
 g - a potion of haste
 h - a potion of ambrosia
 u - 2 potions of agility
 E - 2 potions of curing
 F - a potion of degeneration
 I - a potion of brilliance
 J - a potion of lignification
Books
 c - a book of Changes

   Spells                             Type                      Level
   a - Beastly Appendage              Transmutation                1
   b - Sticks to Snakes               Transmutation                2
   c - Spider Form                    Transmutation/Poison         3
   d - Ice Form                       Ice/Transmutation            4
   e - Blade Hands                    Transmutation                5
Comestibles
 d - 10 bread rations
 o - 5 meat rations
 q - 2 royal jellies
 w - 4 chunks of flesh
 C - 4 fruits


   Skills:
 - Level 9.3 Fighting
 - Level 11.1 Dodging
 - Level 10.0 Unarmed Combat
 - Level 2.0 Spellcasting
 * Level 10.5 Transmutations
 - Level 4.0 Poison Magic
 + Level 4.4 Invocations


You had one spell level left.
You knew the following spells:

 Your Spells              Type           Power        Failure   Level  Hunger
a - Beastly Appendage     Trmt           ####..       3%          1    #......
e - Ice Form              Ice/Trmt       #.......     50%         4    #####..
q - Spider Form           Trmt/Pois      ###.......   12%         3    ###....
w - Blade Hands           Trmt           ####......   24%         5    ######.


Dungeon Overview and Level Annotations

Branches:
Dungeon (10/15)            Temple (1/1) D:5             Orc (0/2) D:9
   Lair: D:8-11

Altars:
Ashenzari
Cheibriados
Dithmenos
Elyvilon
Fedhas
Gozag
Kikubaaqudgha
Makhleb
Nemelex Xobeh
Okawaru
Pakellas
Qazlal
Ru
Sif Muna
Trog
Vehumet
Xom
Yredelemnul
Zin
The Shining One

Shops:
D:6 ?   D:8 ?   D:9 *


Innate Abilities, Weirdness & Mutations

((You revert to your normal form in water.))
((You are very nimble and swift while swimming.))
((You have a beak for a mouth.))


Message History

Drink which item? (? for menu, Esc to quit)
You feel better. Something hits you but does no damage.
Drink which item? (? for menu, Esc to quit)
You feel very mighty all of a sudden. Something hits you.
* * * LOW HITPOINT WARNING * * *
Something hits you but does no damage.
Things that are here:
a dagger; a robe
Casting: Spider Form
Confirm with . or Enter, or press ? or * to list all spells.
You turn into a venomous arachnid creature.
Your +1 cloak of invisibility melds into your body.
Your +2 pair of gloves melds into your body.
Your +2 pair of boots melds into your body.
Your +2 robe of resistance melds into your body.
You feel hot and cold all over. Something misses you. Something hits you!
* * * LOW HITPOINT WARNING * * *
Something hits you!
You die...

.#.#....#...^.#........#
.##.....+.....#........#
#.#.....###'###........#
..#.....#.....#........#
..#.....#.....#........#
##......'.....#........#
##......#.....#........#
##......#.....#........#
##......#.....#.s)...!.#
##......#.....#.))..>..#
##......#.....#........#
##).....#######........#
))#)..............##+#.#
.)#...............# .#
#.#...............# .
.##...............#
.#.#..............#


There were no monsters in sight!

Vanquished Creatures
  An unseen horror (D:10)
  Pikel (D:5)
  Maurice (D:8)
  Psyche (D:8)
  A troll (D:9)
  A vampire (D:8)
  A spriggan (D:7)
  A hungry ghost (D:7)
  4 hippogriffs
  Eustachio (D:5)
  3 vampire mosquitoes (D:10)
  Menkaure (D:5)
  Duvessa (D:4)
  4 orc warriors
  2 sky beasts
  3 ice beasts
  2 black bears
  3 slaves (D:5)
  A phantom (D:9)
  7 ogres
  4 centaurs
  Blork the orc (D:5)
  A big kobold (D:7)
  4 giant frogs
  Dowan (D:4)
  A wyvern skeleton (D:6)
  8 killer bees
  10 wights
  3 howler monkeys
  3 crimson imps
  A giant frog zombie (D:10)
  3 centaur zombies
  A quasit (D:10)
  An iron imp (D:8)
  6 hounds
  22 orc wizards
  Crazy Yiuf (D:5)
  A jelly (D:5)
  9 orc priests
  2 giant frog skeletons
  3 iguanas
  Jessica (D:2)
  10 worker ants
  A hound zombie (D:6)
  A hound skeleton (D:7)
  9 adders
  4 gnolls (D:5)
  2 shadow imps
  An ooze (D:2)
  2 adder skeletons
  3 adder zombies
  3 worms
  7 dart slugs
  9 giant geckos
  44 orcs
  A ball python (D:6)
  8 bats
  6 giant cockroaches
  6 hobgoblins
  23 jackals
  5 quokkas
  2 giant gecko skeletons
  6 giant newts
  5 goblins
  2 goblin skeletons (D:8)
  2 goblin zombies (D:8)
  2 hobgoblin zombies (D:8)
  14 kobolds
  A kobold skeleton (D:8)
  An orc zombie (D:8)
  6 rats
313 creatures vanquished.

Vanquished Creatures (others)
  A giant gecko (D:5)
1 creature vanquished.

Grand Total: 314 creatures vanquished

Notes
Turn   | Place    | Note
--------------------------------------------------------------
     0 | D:1      | Kisielow the Merfolk Transmuter began the quest for the Orb.
     0 | D:1      | Reached XP level 1. HP: 15/15 MP: 3/3
   172 | D:1      | Reached XP level 2. HP: 20/21 MP: 5/5
   241 | D:1      | Found a sparkling altar of Nemelex Xobeh.
   660 | D:2      | Reached XP level 3. HP: 23/26 MP: 4/6
   665 | D:2      | Learned a level 3 spell: Spider Form
   915 | D:2      | Noticed Jessica
   940 | D:2      | Found a radiant altar of Vehumet.
   947 | D:2      | Found a glowing silver altar of Zin.
   952 | D:2      | Found an iron altar of Okawaru.
   956 | D:2      | Became a worshipper of Warmaster Okawaru
   998 | D:2      | Killed Jessica
   998 | D:2      | Reached skill level 1 in Poison Magic
   998 | D:2      | Reached XP level 4. HP: 17/32 MP: 5/7
  1700 | D:3      | Reached XP level 5. HP: 36/37 MP: 4/8
  2230 | D:3      | Found a shattered altar of Ashenzari.
  2255 | D:3      | Found a deep blue altar of Sif Muna.
  2281 | D:3      | Reached XP level 6. HP: 37/43 MP: 5/9
  2298 | D:3      | Found a stormy altar of Qazlal.
  2405 | D:3      | Reached * piety under Okawaru
  2536 | D:3      | Reached skill level 5 in Transmutations
  2623 | D:3      | Learned a level 5 spell: Blade Hands
  2888 | D:4      | Reached skill level 3 in Dodging
  2989 | D:4      | Noticed Dowan
  2990 | D:4      | Noticed Duvessa
  3110 | D:4      | Killed Duvessa
  3110 | D:4      | Reached skill level 5 in Unarmed Combat
  3110 | D:4      | Reached XP level 7. HP: 17/51 MP: 10/10
  3297 | D:4      | Killed Dowan
  3297 | D:4      | Reached skill level 4 in Dodging
  3860 | D:4      | Reached skill level 5 in Dodging
  4180 | D:5      | Entered Level 5 of the Dungeon
  4203 | D:5      | Reached ** piety under Okawaru
  4434 | D:5      | Reached XP level 8. HP: 58/60 MP: 11/11
  4666 | D:5      | Noticed Blork the orc
  4696 | D:5      | Killed Blork the orc
  4696 | D:5      | Reached skill level 6 in Dodging
  4704 | D:5      | Noticed Pikel
  4916 | D:5      | Found a staircase to the Ecumenical Temple.
  4926 | Temple   | Entered the Ecumenical Temple
  5498 | D:5      | Reached skill level 5 in Fighting
  5878 | D:5      | Noticed Eustachio
  5899 | D:5      | Killed Eustachio
  6028 | D:5      | Reached skill level 7 in Dodging
  6371 | D:5      | Killed Pikel
  6371 | D:5      | Reached *** piety under Okawaru
  6371 | D:5      | Reached XP level 9. HP: 47/70 MP: 12/12
  6480 | D:5      | Gained mutation: Armour fits poorly on your strangely shaped body. [potion of mutation]
  6480 | D:5      | Gained mutation: Your system is resistant to poisons. [potion of mutation]
  6480 | D:5      | Gained mutation: You possess an exceptional clarity of mind. [potion of mutation]
  6858 | D:5      | Noticed Crazy Yiuf
  6863 | D:5      | Killed Crazy Yiuf
  6863 | D:5      | Reached skill level 8 in Dodging
  6902 | D:5      | Noticed Menkaure
  6914 | D:5      | Killed Menkaure
  7274 | D:6      | Found Miujahug's Magic Scroll Shoppe.
  7358 | D:6      | Found an oddly glowing altar of Pakellas.
  7685 | D:6      | Found a shattered altar of Ashenzari.
  7754 | D:6      | Found a shadowy altar of Dithmenos.
  8143 | D:7      | Reached **** piety under Okawaru
  8164 | D:7      | Reached skill level 9 in Dodging
  8836 | D:7      | Reached XP level 10. HP: 58/80 MP: 13/13
  8929 | D:7      | Learned a level 4 spell: Ice Form
  9127 | D:7      | Reached skill level 10 in Dodging
  9160 | D:7      | Found a shimmering altar of Xom.
 10018 | D:8      | Gained mutation: You are agile. (Dex +2) [mutagenic meat]
 10019 | D:8      | Gained mutation: You are somewhat resistant to further mutation. [mutagenic meat]
 10026 | D:8      | Noticed Maurice
 10182 | D:7      | Reached ***** piety under Okawaru
 10235 | D:8      | Found a blossoming altar of Fedhas.
 10340 | D:8      | Found a glowing golden altar of the Shining One.
 10527 | D:8      | Found a sacrificial altar of Ru.
 10565 | D:8      | Found Exidatol's Magic Scroll Shop.
 10632 | D:8      | Noticed Psyche
 10636 | D:8      | Killed Psyche
 10636 | D:8      | Reached skill level 10 in Unarmed Combat
 10851 | D:8      | Killed Maurice
 10851 | D:8      | Reached skill level 11 in Dodging
 10995 | D:9      | Found Epimixt's General Store.
 11097 | D:9      | Reached skill level 1 in Invocations
 11130 | D:9      | Found a staircase to the Orcish Mines.
 11475 | D:9      | Reached XP level 11. HP: 66/89 MP: 14/14
 12093 | D:10     | Entered Level 10 of the Dungeon
 12109 | D:10     | Lost mutation: You are somewhat resistant to further mutation. [mutagenic meat]
 12110 | D:10     | Gained mutation: You have a beak for a mouth. [mutagenic meat]
 12728 | D:10     | Lost mutation: You possess an exceptional clarity of mind. [potion of cure mutation]
 12728 | D:10     | Lost mutation: Your system is resistant to poisons. [potion of cure mutation]
 12728 | D:10     | Lost mutation: Armour fits poorly on your strangely shaped body. [potion of cure mutation]
 12728 | D:10     | Lost mutation: You are agile. (Dex +2) [potion of cure mutation]
 12957 | D:10     | Killed an unseen horror
 12957 | D:10     | Reached skill level 10 in Transmutations
 13563 | D:10     | Slain by an unseen horror

Skill      XL: |  1  2  3  4  5  6  7  8  9 10 11 |
---------------+----------------------------------+-----
Unarmed Combat | 4 5 7 9 10 | 10.0
Transmutations | 3 4 5 7 10 | 10.5
Poison Magic   | 1 2 4 |  4.0
Dodging        | 3 5 7 9 11 | 11.1
Fighting       | 2 4 6 8 9 |  9.3
Invocations    | 2 4 |  4.4
Spellcasting   | |  2.0

Action                   |  1- 3 |  4- 6 |  7- 9 | 10-12 || total
-------------------------+-------+-------+-------+-------++-------
Melee: Unarmed           |    54 |   206 |   376 |   488 ||  1124
       Headbutt          |     4 |     3 |       |       ||     7
       Punch             |       |     1 |     2 |     6 ||     9
       Tailslap          |       |     1 |       |       ||     1
       Peck              |       |       |       |    21 ||    21
 Cast: Beastly Appendage |     8 |     3 |       |       ||    11
       Spider Form       |       |    10 |    36 |    33 ||    79
       Blade Hands       |       |       |       |     1 ||     1
Invok: Heroism           |       |       |     1 |     2 ||     3
       Finesse           |       |       |       |     1 ||     1
  Use: Scroll            |     7 |     6 |     7 |     7 ||    27
       Potion            |       |     4 |     4 |     5 ||    13
 Stab: Sleeping          |     1 |       |     1 |       ||     2
       Distracted        |       |     1 |       |       ||     1
  Eat: Chunk             |       |     9 |    12 |    25 ||    46
       Fruit             |       |       |     3 |       ||     3
       Bread ration      |       |       |     2 |       ||     2
       Meat ration       |       |       |       |     1 ||     1
Armor: Robe              |    10 |    22 |    25 |    45 ||   102
       Skin              |       |     5 |     9 |     8 ||    22
Dodge: Dodged            |    40 |   154 |   375 |   501 ||  1070
